AoeStats
← Cyborg Ninja Guardia Sivil

Arabia

510337127Analyzed
1v1 RM · 1d ago on Sep 30, 2026· 48m 29s· 2 players
Game mode
Random Map
Map size
Tiny (2 player)
Population
200
Speed
Normal
Resources
Standard
Victory
Conquest
Starting age
Dark Age
Ending age
Imperial Age
RankedLock teamsTeams togetherTeam positionsShared explorationLock speedFull tech treeHidden civsTurbo modeCheats
Victory
Defeat
1031
+15
🇬🇧 Britons · United Kingdom
1005
-15
TaimurMojo9865
6:07 Loom
9:08 Feudal Age
9:35 Double-Bit Axe
14:43 Fletching
19:53 Castle Age
17:42 Horse Collar
19:05 Fletching
19:10 Gold Mining
19:12 Stone Mining
19:41 Padded Archer Armor
20:59 Bodkin Arrow
21:49 Crossbowman
31:33 Leather Archer Armor
31:57 Wheelbarrow
37:22 Imperial Age
39:57 Bracer
40:13 Elite Longbowman
44:12 Ballistics
46:42 Warwolf
Cyborg Ninja Guardia Sivil
7:48 Loom
10:41 Feudal Age
14:45 Padded Archer Armor
16:11 Double-Bit Axe
18:44 Wheelbarrow
18:40 Fletching
21:41 Castle Age
20:04 Horse Collar
20:15 Gold Mining
22:40 Bodkin Arrow
22:07 Elite Skirmisher
24:06 Leather Archer Armor
25:06 Husbandry
25:37 Bow Saw
26:36 Scale Barding Armor
29:26 Forging
29:43 Hand Cart
34:10 Chain Barding Armor
37:08 Imperial Age
36:28 Heavy Plow
37:06 Iron Casting
38:33 Heavy Camel Rider
41:02 Chemistry
41:41 Ring Archer Armor
42:09 Ballistics
42:31 Conscription
43:31 Plate Barding Armor
Connection lost

Rejoining the realm…

Still unreachable

The connection could not be restored.

Session expired

The server has moved on; the page needs a fresh start.